[ AOE2 MATCH · #494028935 ]
UnrankedEthiopians vs Sicilians
Player's team · LOSS
[ REPLAY ANALYSIS · EXTRACTED FROM THE RECORDED GAME ]
Feudal
9:29
Castle
—
Imperial
—
| APM avg | 67.4 |
| APM peak | 107 |
| eAPM avg | 28.1 |
| Villagers / military | 59 / 12 |
Focus
⚔️ 24.7% · 🌾 75.3%
Archer ×8 · Militia ×3 · Spearman ×1
Feudal
25:25
Castle
—
Imperial
—
| APM avg | 19.0 |
| APM peak | 43 |
| eAPM avg | 13.6 |
| Villagers / military | 45 / 2 |
Focus
⚔️ 13.2% · 🌾 86.8%
Scout Cavalry ×2
Match map
Initial resources + every placement click. Lines = walls · curves = elevation contours. ◆ gold · ⬟ stone · ● berries · ✦ relic · ◌ wall gap
Your base· Open — 9t gap
Chupeta de Sapo's base· Open — unwalled flank
Smoothed initial terrain · ◌ = detected wall gap · hover for details
Inputs per minute
— random_aoe_user - - Chupeta de Sapo
Build order — random_aoe_user
96 actions detected in the replay
| 0:02 | Build | House |
| 0:03 | Queue | Villager (Male) |
| 0:03 | Queue | Villager (Male) |
| 0:03 | Queue | Villager (Male) |
| 0:03 | Queue | Villager (Male) |
| 0:03 | Queue | Villager (Male) |
| 0:04 | Build | House |
| 1:29 | Queue | Villager (Male) |
| 1:29 | Queue | Villager (Male) |
| 1:29 | Queue | Villager (Male) |
| 1:29 | Queue | Villager (Male) |
| 1:29 | Queue | Villager (Male) |
| 1:42 | Queue | Villager (Male) |
| 1:42 | Queue | Villager (Male) |
| 1:42 | Queue | Villager (Male) |
| 1:42 | Queue | Villager (Male) |
| 1:42 | Queue | Villager (Male) |
| 1:55 | Build | Lumber Camp |
| 2:13 | Queue | Villager (Male) |
| 2:13 | Queue | Villager (Male) |
| 2:13 | Queue | Villager (Male) |
| 2:13 | Queue | Villager (Male) |
| 2:13 | Queue | Villager (Male) |
| 2:38 | Queue | Villager (Male) |
| 2:38 | Queue | Villager (Male) |
| 2:38 | Queue | Villager (Male) |
| 2:38 | Queue | Villager (Male) |
| 2:41 | Build | House |
| 2:57 | Queue | Villager (Male) |
| 2:57 | Queue | Villager (Male) |
| 2:57 | Queue | Villager (Male) |
| 2:57 | Queue | Villager (Male) |
| 2:57 | Queue | Villager (Male) |
| 2:57 | Queue | Villager (Male) |
| 3:45 | Queue | Villager (Male) |
| 3:45 | Queue | Villager (Male) |
| 3:45 | Queue | Villager (Male) |
| 3:45 | Queue | Villager (Male) |
| 3:45 | Queue | Villager (Male) |
| 4:20 | Build | Mill |
| 4:25 | Queue | Villager (Male) |
| 4:53 | Build | House |
| 4:58 | Queue | Villager (Male) |
| 4:58 | Queue | Villager (Male) |
| 4:58 | Queue | Villager (Male) |
| 5:20 | Queue | Villager (Male) |
| 5:20 | Queue | Villager (Male) |
| 5:20 | Queue | Villager (Male) |
| 5:20 | Queue | Villager (Male) |
| 5:40 | Queue | Villager (Male) |
| 6:02 | Queue | Villager (Male) |
| 6:02 | Queue | Villager (Male) |
| 6:02 | Queue | Villager (Male) |
| 6:02 | Queue | Villager (Male) |
| 6:02 | Queue | Villager (Male) |
| 6:08 | Research | Loom |
| 7:19 | Research | Feudal Age |
| 7:19 | Research | Feudal Age |
| 7:34 | Build | House |
| 7:44 | Build | Barracks |
| 8:05 | Build | Mining Camp |
| 8:26 | Queue | Villager (Male) |
| 8:26 | Queue | Villager (Male) |
| 9:29 | Age | Feudal Age |
| 10:01 | Research | Double-Bit Axe |
| 10:08 | Queue | Militia |
| 10:08 | Queue | Militia |
| 10:30 | Build | Archery Range |
| 10:35 | Queue | Militia |
| 10:56 | Build | House |
| 11:01 | Build | Palisade Wall |
| 11:16 | Queue | Spearman |
| 12:34 | Build | Archery Range |
| 12:50 | Build | House |
| 13:37 | Build | House |
| 13:39 | Queue | Archer |
| 13:52 | Queue | Archer |
| 14:21 | Queue | Archer |
| 14:53 | Queue | Archer |
| 15:29 | Queue | Archer |
| 16:06 | Build | House |
| 16:33 | Queue | Archer |
| 16:36 | Build | House |
| 17:18 | Build | House |
| 22:22 | Build | Town Center |
| 22:53 | Build | Palisade Wall |
| 23:04 | Queue | Archer |
| 25:44 | Queue | Archer |
| 26:22 | Queue | Villager (Male) |
| 26:22 | Queue | Villager (Male) |
| 26:22 | Queue | Villager (Male) |
| 26:22 | Queue | Villager (Male) |
| 27:10 | Queue | Villager (Male) |
| 27:10 | Queue | Villager (Male) |
| 27:10 | Queue | Villager (Male) |
| 27:10 | Queue | Villager (Male) |
Build order — Chupeta de Sapo
98 actions detected in the replay
| 0:02 | Queue | Villager (Male) |
| 0:03 | Queue | Villager (Male) |
| 0:05 | Build | House |
| 0:06 | Build | House |
| 0:10 | Build | House |
| 0:38 | Queue | Villager (Male) |
| 0:38 | Queue | Villager (Male) |
| 0:39 | Queue | Villager (Male) |
| 1:27 | Queue | Villager (Male) |
| 2:11 | Queue | Villager (Male) |
| 2:21 | Build | Lumber Camp |
| 2:32 | Queue | Villager (Male) |
| 3:00 | Queue | Villager (Male) |
| 3:16 | Queue | Villager (Male) |
| 3:46 | Queue | Villager (Male) |
| 3:56 | Queue | Villager (Male) |
| 4:42 | Queue | Villager (Male) |
| 4:48 | Research | Loom |
| 5:20 | Queue | Villager (Male) |
| 6:15 | Build | Town Center |
| 6:49 | Build | Mill |
| 8:06 | Queue | Villager (Male) |
| 8:14 | Queue | Villager (Male) |
| 8:53 | Queue | Villager (Male) |
| 8:57 | Build | House |
| 9:14 | Queue | Villager (Male) |
| 9:45 | Queue | Villager (Male) |
| 10:21 | Queue | Villager (Male) |
| 11:13 | Build | Palisade Gate |
| 11:18 | Build | Palisade Gate |
| 11:32 | Queue | Villager (Male) |
| 11:32 | Queue | Villager (Male) |
| 11:32 | Queue | Villager (Male) |
| 11:43 | Build | Palisade Gate |
| 12:05 | Build | Palisade Gate |
| 12:19 | Queue | Villager (Male) |
| 12:19 | Queue | Villager (Male) |
| 13:03 | Queue | Villager (Male) |
| 13:03 | Queue | Villager (Male) |
| 13:40 | Queue | Villager (Male) |
| 14:00 | Queue | Villager (Male) |
| 14:43 | Build | Palisade Gate |
| 14:51 | Build | Palisade Gate |
| 14:55 | Build | Palisade Gate |
| 14:58 | Build | Palisade Gate |
| 15:04 | Queue | Villager (Male) |
| 15:05 | Queue | Villager (Male) |
| 15:24 | Build | Palisade Wall |
| 15:27 | Build | Palisade Wall |
| 15:44 | Queue | Villager (Male) |
| 15:44 | Queue | Villager (Male) |
| 16:19 | Queue | Villager (Male) |
| 17:01 | Queue | Villager (Male) |
| 17:44 | Queue | Villager (Male) |
| 18:27 | Queue | Villager (Male) |
| 18:33 | Build | House |
| 18:33 | Build | House |
| 19:31 | Queue | Villager (Male) |
| 19:31 | Queue | Villager (Male) |
| 20:28 | Queue | Villager (Male) |
| 20:40 | Build | Farm |
| 20:42 | Build | Farm |
| 20:46 | Build | Farm |
| 20:49 | Build | Farm |
| 20:52 | Build | Farm |
| 20:56 | Build | Farm |
| 20:59 | Build | Farm |
| 21:06 | Build | Farm |
| 21:11 | Queue | Villager (Male) |
| 21:12 | Queue | Villager (Male) |
| 21:24 | Build | Mining Camp |
| 21:35 | Build | Farm |
| 21:40 | Build | Farm |
| 22:00 | Build | Farm |
| 22:19 | Build | Palisade Wall |
| 22:30 | Build | Palisade Wall |
| 22:42 | Build | Palisade Wall |
| 23:15 | Research | Feudal Age |
| 23:58 | Build | Mill |
| 25:25 | Age | Feudal Age |
| 25:27 | Build | Barracks |
| 25:29 | Queue | Villager (Male) |
| 25:30 | Queue | Villager (Male) |
| 26:01 | Build | Stable |
| 26:16 | Queue | Villager (Male) |
| 26:20 | Research | Wheelbarrow |
| 26:37 | Build | Farm |
| 26:37 | Build | Farm |
| 26:38 | Build | Farm |
| 26:38 | Build | Farm |
| 26:38 | Build | Farm |
| 26:38 | Build | Farm |
| 26:39 | Build | Farm |
| 26:43 | Queue | Scout Cavalry |
| 26:44 | Queue | Scout Cavalry |
| 27:24 | Build | House |
| 27:25 | Build | House |
| 27:26 | Build | House |
Match timeline
| 7:44 | random_aoe_user · first_building Barracks |
| 9:29 | random_aoe_user · age_up feudal |
| 10:30 | random_aoe_user · first_building Archery Range |
| 11:01 | random_aoe_user · wall_segment Palisade Wall x2 |
| 15:24 | Chupeta de Sapo · wall_segment Palisade Wall x3 |
| 15:27 | Chupeta de Sapo · wall_segment Palisade Wall x4 |
| 22:19 | Chupeta de Sapo · wall_segment Palisade Wall x4 |
| 22:30 | Chupeta de Sapo · wall_segment Palisade Wall x4 |
| 22:42 | Chupeta de Sapo · wall_segment Palisade Wall x3 |
| 22:53 | random_aoe_user · wall_segment Palisade Wall x1 |
| 25:25 | Chupeta de Sapo · age_up feudal |
| 25:27 | Chupeta de Sapo · first_building Barracks |
| 26:01 | Chupeta de Sapo · first_building Stable |
| 27:34 | random_aoe_user · resign |
[ AI ANALYSIS · 1 CREDIT ]
What really happened in this match?
Wolo.gg analyzes every decision: build order, eco, micro, common mistakes by bracket. Personalized analysis on WhatsApp or Discord in 30 seconds.
Civ guide
Ethiopians
Perfil
random_aoe_user